Map: Old Estate

Players

Vorg - Winner!

  • Race: Protoss Protoss
  • Spawn Location: 9:00

Papabear - Winner!

  • Race: Zerg Zerg
  • League: Diamond
  • Spawn Location: 7:00

JaySlays - Winner!

  • Race: Zerg Zerg
  • Spawn Location: 7:00

Wolf - Winner!

  • Race: Zerg Zerg
  • League: Diamond
  • Spawn Location: 7:00

Rodrigo

  • Race: Zerg Zerg
  • League: Diamond
  • Spawn Location: 1:00

LOUNETCO

  • Race: Protoss Protoss
  • Spawn Location: 3:00

Birus

  • Race: Zerg Zerg
  • Spawn Location: 1:00

xJACx

  • Race: Terran Terran
  • League: Gold
  • Spawn Location: 3:00

VOD

Have the link to the VOD?

Description

Time

  • Played on: April 16, 2018, 7:41 p.m.
  • Length: 22:43
Show
View Real Time Build Order
Export as new Build Order

Vorg Protoss - Winner!

Build Orders: Oracle Opening 

Get SALT Encoding   

  12  0:04  Probe  
  13  0:16  Probe  
  14  0:23  Pylon  
  14  0:28  Probe  
  15  0:41  Probe (Chrono Boost)  
  16  0:46  Gateway  
  16  0:50  Assimilator  
  16  0:53  Probe (Chrono Boost)  
  17  1:01  Probe (Chrono Boost)  
  18  1:07  Probe  
  19  1:19  Probe  
  20  1:31  Probe  
  21  1:36  Pylon  
  21  1:43  Cybernetics Core  
  21  1:44  Probe  
  22  1:47  Assimilator  
  22  1:56  Probe  
  23  2:06  Nexus  
  23  2:12  Probe  
  24  2:17  Warp Gate (Chrono Boost)  
  24  2:25  Probe  
  25  2:30  Stargate  
  25  2:35  Pylon  
  25  2:37  Probe  
  25  2:41  Forge  
  26  2:49  Probe  
  26  2:50  Pylon  
  28  3:05  Probe  
  28  3:12  Oracle (Chrono Boost)  
  28  3:17  Probe  
  28  3:19  Assimilator  
  32  3:32  Photon Cannon  
  32  3:50  Oracle  
  32  3:55  Pylon, Protoss Air Weapons Level 1 (Chrono Boost)  
  35  3:56  Probe x2  
  35  3:58  Assimilator  
  37  4:02  Protoss Shields Level 1  
  37  4:07  Shield Battery  
  37  4:08  Probe  
  38  4:23  Probe x2, Photon Cannon  
  40  4:26  Shield Battery  
  40  4:35  Probe  
  41  5:04  Void Ray  
  42  5:08  Fleet Beacon  
  42  5:10  Probe (Chrono Boost), Stargate  
  44  5:15  Probe (Chrono Boost)  
  44  5:19  Probe (Chrono Boost)  
  45  5:23  Probe (Chrono Boost), Fleet Beacon  
  45  5:28  Pylon  
  43  5:44  Protoss Air Armor Level 1  
  43  5:54  Carrier  
  49  5:57  Probe x2  
  51  6:09  Probe x2  
  53  6:20  Nexus  
  53  6:21  Probe x2  
  55  6:29  Phoenix  
  57  6:51  Stargate  
  57  6:53  Probe x2  
  59  6:54  Phoenix  
  59  6:58  Graviton Catapult  
  61  7:05  Probe x2  
  61  7:08  Twilight Council  
  63  7:11  Pylon  
  63  7:14  Pylon  
  63  7:15  Pylon  
  63  7:17  Probe x2  
  63  7:18  Pylon  
  63  7:21  Assimilator  
  65  7:26  Assimilator  
  65  7:29  Pylon  
  65  7:32  Protoss Air Weapons Level 2 (Chrono Boost)  
  65  7:37  Photon Cannon  
  59  8:21  Carrier x2  
  59  8:26  Probe  
  72  8:31  Photon Cannon  
  72  8:34  Pylon  
  72  8:38  Probe x3  
  75  8:48  Photon Cannon  
  75  8:50  Probe  
  75  8:51  Photon Cannon  
  76  8:56  Shield Battery  
  76  9:00  Photon Cannon  
  76  9:03  Photon Cannon  
  76  9:04  Probe x3  
  79  9:15  Carrier  
  79  9:16  Probe  
  86  9:23  Probe  
  88  9:33  Mothership  
  88  9:35  Probe  
  96  9:40  Probe  
  96  9:42  Photon Cannon  
  96  9:43  Shield Battery  
  96  9:44  Carrier  
  97  9:50  Protoss Air Weapons Level 3 (Chrono Boost)  
  97  9:52  Probe  
  104  10:14  Phoenix  
  106  10:16  Anion Pulse-Crystals  
  106  10:38  Carrier (Chrono Boost)  
  106  10:39  Phoenix  
  108  11:08  Carrier (Chrono Boost)  
  108  11:09  Protoss Shields Level 2, Carrier (Chrono Boost), Photon Cannon  
  108  11:12  Photon Cannon  
  120  11:26  Pylon  
  120  11:54  Carrier (Chrono Boost)  
  126  12:03  Probe  
  126  12:05  Probe  
  126  12:07  Protoss Air Armor Level 2 (Chrono Boost)  
  128  12:15  Probe  
  129  12:22  Carrier x2 (Chrono Boost)  
  141  12:27  Probe  
  142  12:45  Pylon  
  142  12:47  Pylon  
  142  12:52  Pylon  
  142  13:07  Carrier  
  147  13:16  Pylon  
  147  13:17  Stargate  
  147  13:40  Carrier, Protoss Shields Level 3 (Chrono Boost)  
  153  13:49  Carrier  
  141  14:33  Carrier  
  141  14:48  Carrier  
  141  14:50  Mothership  
  149  15:06  Carrier  
  143  15:15  Carrier  
  137  15:26  Nexus  
  135  15:45  Protoss Air Armor Level 3 (Chrono Boost)  
  135  15:55  Assimilator  
  135  15:59  Assimilator  
  135  16:04  Pylon  
  135  16:07  Pylon  
  135  16:11  Pylon  
  135  16:14  Carrier  
  123  16:21  Carrier  
  117  16:30  Carrier  
  123  16:44  Photon Cannon  
  123  16:45  Carrier  
  123  16:46  Photon Cannon  
  129  16:48  Photon Cannon  
  129  16:51  Photon Cannon  
  129  16:55  Photon Cannon  
  135  17:40  Carrier  
  141  17:47  Void Ray  
  145  17:56  Void Ray, Zealot  
  151  18:10  Void Ray  
  155  18:30  Carrier  
  161  18:39  Carrier  
  167  18:53  Void Ray  
  171  19:05  Tempest  
  177  19:36  Tempest  
  183  19:48  Tempest  
  189  19:56  Tempest  
  195  20:05  Void Ray  
  199  20:17  Nexus  
  199  20:20  Assimilator  
  199  20:24  Assimilator  
  199  20:29  Pylon  
  199  20:31  Pylon  
  199  20:34  Pylon  
  199  20:38  Pylon  
  199  20:41  Pylon  
Show
View Real Time Build Order
Export as new Build Order

Papabear Zerg - Winner!

Build Orders: Pool First 

Get SALT Encoding   

  12  0:02  Drone  
  13  0:08  Drone  
  14  0:28  Spawning Pool  
  14  0:31  Drone  
  14  0:57  Hatchery  
  14  1:02  Overlord  
  13  1:17  Zergling x2  
  14  1:22  Zergling x4  
  16  1:28  Zergling x2  
  16  1:31  Queen  
  19  1:40  Drone  
  20  1:50  Drone  
  21  1:55  Extractor  
  21  2:00  Drone  
  21  2:10  Drone  
  21  2:14  Drone  
  23  2:30  Drone  
  23  2:31  Drone  
  24  2:47  Queen  
  24  2:49  Overlord x2  
  24  2:50  Drone  
  27  3:06  Metabolic Boost  
  27  3:11  Drone x3  
  30  3:16  Drone x2  
  32  3:20  Queen  
  34  3:33  Drone x2, Baneling Nest  
  35  3:40  Drone x2  
  37  3:43  Extractor  
  36  3:51  Zergling x8  
  40  3:56  Queen  
  40  4:00  Overlord x2  
  42  4:11  Zergling x2  
  43  4:40  Zergling x12  
  43  4:41  Zergling x6  
  43  4:44  Baneling  
  43  4:45  Baneling x2  
  52  4:50  Lair  
  52  4:59  Drone x2  
  54  5:00  Evolution Chamber  
  54  5:01  Evolution Chamber  
  54  5:05  Overlord x2  
  52  5:21  Drone x2  
  54  5:40  Baneling x4  
  54  5:45  Baneling  
  54  5:46  Baneling x3  
  54  5:47  Baneling x3  
  54  5:51  Zerg Melee Weapons Level 1  
  54  5:56  Drone  
  54  5:57  Drone x7  
  57  5:58  Drone x4  
  56  6:27  Zerg Ground Armor Level 1  
  56  6:28  Spore Crawler  
  56  6:31  Drone x4  
  56  6:32  Drone, Spore Crawler  
  57  6:34  Spore Crawler  
  57  6:35  Spore Crawler, Extractor  
  57  6:37  Extractor  
  52  6:43  Zergling x12, Infestation Pit  
  57  6:54  Hatchery  
  57  6:56  Spore Crawler  
  55  7:01  Drone  
  55  7:04  Drone  
  55  7:05  Drone x4  
  61  7:11  Centrifical Hooks  
  61  7:32  Hive  
  61  7:33  Pathogen Glands  
  61  7:36  Overlord  
  61  7:37  Zergling x2  
  61  7:38  Zergling x8  
  66  7:56  Spore Crawler  
  65  8:01  Spore Crawler  
  64  8:06  Zerg Melee Weapons Level 2  
  64  8:10  Zergling x2  
  64  8:11  Zergling x22  
  76  8:19  Burrow  
  67  8:28  Zerg Ground Armor Level 2  
  67  8:48  Adrenal Glands  
  67  8:49  Drone  
  67  8:50  Drone x9  
  77  8:57  Drone x4  
  81  9:16  Overlord x2  
  81  9:17  Overlord x2  
  67  9:38  Zergling x12  
  69  9:39  Zergling x2  
  69  9:40  Infestor x5  
  83  9:48  Spore Crawler  
  83  9:51  Spore Crawler  
  81  10:01  Drone x3  
  81  10:02  Drone x5  
  81  10:06  Spore Crawler  
  88  10:07  Spore Crawler x2  
  88  10:08  Spore Crawler  
  88  10:10  Extractor  
  88  10:12  Extractor  
  83  10:21  Neural Parasite  
  83  10:23  Ultralisk Cavern  
  83  10:26  Zergling x16  
  83  10:27  Zergling x2  
  91  10:35  Drone x2  
  93  10:43  Zerg Melee Weapons Level 3  
  93  11:00  Zerg Ground Armor Level 3  
  93  11:05  Zergling x2  
  93  11:06  Zergling x18  
  93  11:07  Zergling x4  
  100  11:25  Viper x2  
  106  11:40  Overlord x3  
  106  11:44  Ultralisk x2  
  118  11:49  Hatchery  
  118  11:53  Overlord  
  117  12:13  Zergling x10  
  117  12:14  Zergling x20  
  132  12:27  Ultralisk x2  
  144  12:53  Drone x2  
  144  12:54  Drone x2, Overlord x4  
  144  12:55  Overlord  
  148  12:58  Chitinous Plating  
  141  13:09  Spire  
  136  13:37  Infestor x4  
  136  13:38  Viper x2  
  150  13:47  Ultralisk  
  127  14:53  Zergling x2  
  127  14:54  Zergling x10  
  127  14:55  Zergling x10  
  113  15:46  Zergling x10  
  113  15:47  Zergling x8  
  122  16:12  Zerg Flyer Weapons Level 1  
  122  16:15  Spire  
  121  16:24  Ultralisk  
  121  16:25  Ultralisk x3  
  136  16:45  Infestor x4  
  136  16:46  Ultralisk x3  
  136  16:47  Ultralisk x3  
  172  16:55  Hatchery  
  171  17:03  Overlord x3  
  171  17:05  Zergling x8  
  169  17:47  Overseer x3  
  168  18:06  Hatchery  
  168  18:12  Hatchery  
  166  18:17  Drone x3  
  166  18:18  Drone x3  
  153  18:57  Mutalisk  
  153  18:58  Mutalisk x3  
  153  18:59  Mutalisk x5  
  180  19:05  Extractor  
  180  19:09  Extractor  
  159  19:17  Overseer x2  
  81  20:00  Drone x2  
  81  20:01  Drone x7  
  84  20:11  Infestor x4  
  84  20:12  Drone x4  
  88  20:17  Drone x3  
  88  20:19  Spore Crawler  
  90  20:26  Drone  
  90  20:27  Drone x3  
  90  20:44  Mutalisk  
  90  20:45  Mutalisk x6  
  104  20:56  Extractor  
  103  20:58  Spore Crawler  
  103  20:59  Extractor  
  103  21:00  Spore Crawler  
  103  21:01  Spore Crawler  
  99  21:34  Spire  
  99  21:35  Drone x4  
  99  21:36  Drone  
  99  21:38  Extractor x2  
  101  21:41  Drone x5  
  101  21:42  Drone x2  
  105  22:06  Spawning Pool  
Show
View Real Time Build Order
Export as new Build Order

JaySlays Zerg - Winner!

Build Orders: Hatch First 

Get SALT Encoding   

  12  0:02  Drone  
  13  0:13  Overlord  
  13  0:18  Drone  
  14  0:33  Drone  
  14  0:35  Drone  
  16  0:39  Drone  
  17  0:56  Hatchery  
  16  0:57  Drone  
  16  1:03  Extractor, Drone  
  17  1:09  Drone  
  18  1:22  Spawning Pool  
  18  1:24  Drone  
  18  1:44  Drone  
  19  1:52  Drone  
  20  2:02  Overlord  
  20  2:11  Drone  
  20  2:15  Metabolic Boost  
  21  2:17  Queen  
  21  2:18  Queen  
  25  2:23  Drone x3  
  28  2:34  Roach Warren  
  27  2:43  Zergling x2  
  28  2:45  Zergling x6  
  31  2:55  Extractor  
  30  2:59  Drone x2  
  32  3:12  Drone x2  
  34  3:18  Queen  
  36  3:20  Overlord  
  36  3:35  Overlord  
  36  3:44  Roach x2  
  36  3:45  Roach x2  
  44  4:01  Overlord  
  43  4:15  Roach x2  
  44  4:30  Roach x2  
  44  4:31  Roach x2  
  52  4:39  Overlord x2  
  52  4:48  Overlord x2  
  52  4:49  Overlord  
  52  4:57  Drone x2  
  52  4:58  Drone  
  55  5:07  Roach x2  
  55  5:09  Lair  
  59  5:16  Drone  
  60  5:38  Roach x4  
  60  5:39  Roach x3  
  74  5:56  Roach x4  
  82  6:02  Evolution Chamber  
  81  6:05  Evolution Chamber  
  81  6:09  Glial Reconstitution  
  80  6:18  Hatchery  
  79  6:19  Drone x3  
  79  6:20  Drone  
  79  6:23  Drone x2  
  85  6:31  Hydralisk Den  
  84  6:33  Spore Crawler  
  84  6:38  Spore Crawler  
  82  6:52  Zerg Missile Weapons Level 1  
  82  6:53  Zerg Ground Armor Level 1  
  82  7:09  Hydralisk x2  
  82  7:10  Hydralisk x3  
  92  7:25  Overlord  
  92  7:26  Overlord x2  
  92  7:42  Spore Crawler  
  91  7:44  Spore Crawler  
  88  7:55  Queen  
  88  7:57  Hydralisk x4  
  98  8:05  Drone x2  
  100  8:08  Grooved Spines  
  100  8:23  Hydralisk x3  
  50  8:43  Hydralisk  
  50  8:44  Hydralisk  
  50  8:47  Queen  
  56  8:54  Drone x2  
  56  8:55  Drone  
  57  9:18  Zerg Missile Weapons Level 2  
  57  9:25  Extractor  
  57  9:26  Extractor  
  57  9:29  Drone x3  
  58  9:32  Spore Crawler  
  58  9:34  Hydralisk x3  
  58  9:55  Hydralisk  
  58  9:56  Hydralisk, Hatchery  
  61  10:05  Drone  
  61  10:06  Drone x5  
  67  10:18  Muscular Augments  
  67  10:24  Drone x2  
  69  10:40  Zerg Ground Armor Level 2  
  69  10:47  Hydralisk  
  69  10:48  Hydralisk  
  73  10:59  Hydralisk x2  
  77  11:08  Drone x3  
  80  11:17  Spire  
  79  11:21  Drone x4  
  83  11:36  Queen  
  83  11:39  Hydralisk  
  85  11:40  Hydralisk  
  89  11:52  Infestation Pit  
  88  11:59  Extractor  
  88  12:00  Extractor  
  86  12:01  Spore Crawler  
  86  12:04  Hydralisk x2  
  86  12:05  Hydralisk x3  
  95  12:19  Drone  
  95  12:20  Drone x2  
  98  12:28  Hydralisk  
  98  12:29  Hydralisk x3  
  106  12:32  Hive  
  106  12:36  Overlord  
  106  12:39  Overlord  
  106  12:57  Drone  
  106  12:58  Drone x3  
  110  13:06  Corruptor  
  110  13:07  Corruptor x3  
  118  13:21  Hydralisk x2  
  122  13:41  Overlord x5  
  122  13:50  Zerg Missile Weapons Level 3  
  122  13:52  Zerg Ground Armor Level 3  
  122  13:55  Zerg Flyer Weapons Level 1  
  122  14:01  Corruptor  
  124  14:03  Corruptor  
  126  14:13  Overseer  
  126  14:14  Overseer  
  126  14:21  Corruptor  
  126  14:22  Corruptor  
  112  14:39  Hydralisk x5  
  122  14:51  Hydralisk x4  
  88  15:08  Drone  
  88  15:09  Drone x3  
  92  15:36  Corruptor  
  92  15:37  Corruptor x6  
  106  15:58  Hydralisk  
  106  15:59  Hydralisk x3, Hatchery  
  113  16:14  Zerg Flyer Weapons Level 2  
  113  16:29  Hydralisk  
  113  16:30  Hydralisk x5  
  125  16:51  Spire  
  125  16:53  Hydralisk x5  
  134  17:24  Extractor  
  134  17:29  Extractor  
  132  17:35  Hydralisk  
  132  17:36  Hydralisk x10  
  132  17:37  Hydralisk  
  156  17:46  Hydralisk x2  
  160  18:12  Hydralisk  
  160  18:13  Hydralisk x3  
  160  18:17  Overlord x4  
  160  18:18  Overlord  
  168  18:31  Zerg Flyer Armor Level 1  
  137  18:58  Corruptor  
  137  18:59  Corruptor x3  
  145  19:11  Corruptor  
  147  19:34  Hydralisk x5  
  137  19:55  Hydralisk x4  
  137  19:56  Hydralisk x2  
  123  20:08  Corruptor  
  105  20:19  Hydralisk  
  105  20:20  Hydralisk x3  
  91  20:45  Drone x3  
  94  21:04  Hydralisk x2  
  98  21:52  Hydralisk x4  
  98  21:53  Hydralisk x2  
  108  22:06  Hydralisk x2  
Show
View Real Time Build Order
Export as new Build Order

Wolf Zerg - Winner!

Build Orders: Hatch First 

Get SALT Encoding   

  12  0:03  Drone  
  13  0:13  Overlord  
  13  0:18  Drone  
  14  0:31  Drone x2  
  16  0:38  Drone  
  17  0:56  Hatchery  
  16  0:58  Drone  
  16  1:01  Drone  
  18  1:12  Extractor  
  18  1:16  Spawning Pool  
  16  1:20  Drone  
  16  1:23  Drone  
  18  1:36  Drone  
  19  1:43  Overlord  
  19  1:53  Drone  
  20  2:04  Queen  
  20  2:05  Zergling x2  
  20  2:08  Queen  
  23  2:09  Zergling x2  
  23  2:12  Metabolic Boost  
  26  2:15  Zergling x2  
  27  2:24  Drone x2  
  30  2:37  Drone x2  
  31  2:48  Queen  
  33  2:59  Drone  
  33  3:00  Hatchery  
  33  3:02  Drone  
  34  3:05  Drone  
  34  3:09  Overlord  
  36  3:12  Drone  
  36  3:28  Baneling Nest  
  36  3:33  Drone  
  37  3:34  Drone x6  
  37  3:39  Overlord  
  42  3:46  Lair  
  41  3:51  Zergling x2  
  41  3:52  Zergling x2  
  41  3:53  Zergling x2  
  42  3:55  Zergling x2  
  42  3:58  Zergling x2  
  44  4:12  Zergling x8  
  48  4:25  Evolution Chamber  
  45  4:34  Zergling x2  
  45  4:35  Zergling x20  
  54  4:40  Evolution Chamber  
  53  4:47  Queen  
  53  4:50  Drone  
  53  4:51  Drone x2  
  58  4:54  Overlord x2  
  58  4:59  Hydralisk Den  
  57  5:00  Overlord x2  
  57  5:06  Zerg Missile Weapons Level 1  
  57  5:09  Zerg Melee Weapons Level 1  
  57  5:23  Extractor  
  57  5:25  Extractor, Drone x4  
  57  5:26  Drone x4, Extractor  
  62  5:34  Drone  
  62  5:35  Drone x4  
  67  5:49  Muscular Augments  
  67  5:55  Drone x3  
  67  5:56  Drone x5  
  75  6:07  Overseer x2  
  75  6:10  Pneumatized Carapace  
  75  6:19  Drone x6  
  75  6:20  Drone x4  
  75  6:22  Extractor  
  75  6:23  Extractor  
  72  6:40  Hydralisk  
  72  6:41  Hydralisk x6  
  79  6:58  Drone x5  
  79  6:59  Drone x2  
  79  7:00  Grooved Spines  
  86  7:03  Hydralisk x2  
  90  7:19  Overlord x7  
  90  7:22  Spore Crawler  
  90  7:24  Spore Crawler  
  90  7:25  Spore Crawler  
  90  7:28  Hydralisk  
  89  7:32  Zerg Missile Weapons Level 2  
  89  7:34  Zerg Ground Armor Level 1  
  89  7:52  Hydralisk  
  89  7:53  Hydralisk x7  
  105  8:09  Hydralisk x6  
  117  8:18  Infestation Pit  
  116  8:24  Overlord  
  116  8:26  Hydralisk x5  
  126  8:50  Spire  
  125  8:56  Zergling x12  
  125  8:57  Zergling x14  
  138  9:14  Hydralisk x2  
  138  9:15  Hydralisk x3  
  138  9:16  Overlord x2  
  148  9:25  Hatchery  
  148  9:27  Overlord x3  
  148  9:28  Overlord x2  
  147  9:32  Hive  
  147  9:43  Hydralisk  
  147  9:44  Hydralisk x3  
  155  10:09  Hydralisk  
  155  10:10  Hydralisk x11  
  155  10:11  Hydralisk  
  148  10:49  Hydralisk  
  114  10:50  Corruptor x3  
  114  10:51  Corruptor x5  
  114  10:56  Corruptor  
  112  11:13  Corruptor x3  
  118  11:24  Greater Spire  
  118  11:37  Corruptor x2  
  122  11:56  Corruptor x3  
  128  12:02  Overseer  
  128  12:05  Overlord  
  128  12:08  Corruptor x2  
  132  12:18  Hatchery  
  132  12:20  Hatchery  
  132  12:21  Zerg Ground Armor Level 2  
  130  12:49  Corruptor  
  130  12:50  Corruptor x3  
  138  12:53  Zergling x2  
  138  12:54  Zergling x38  
  138  12:56  Zergling x2  
  160  13:18  Corruptor x2  
  160  13:19  Corruptor x3  
  169  13:45  Corruptor x4  
  128  14:38  Hydralisk x10  
  144  14:59  Zergling x6  
  139  15:44  Brood Lord x4  
  139  15:45  Brood Lord x5  
  139  15:47  Hatchery  
  152  15:50  Hatchery  
  151  16:03  Zergling x6  
  151  16:04  Zergling x36  
  172  16:11  Zerg Flyer Weapons Level 1  
  116  16:59  Drone x4  
  116  17:00  Drone  
  121  17:25  Queen  
  121  17:26  Queen  
  121  17:27  Overlord x2  
  125  17:30  Overseer  
  125  17:31  Overseer  
  125  17:33  Overseer  
  125  17:34  Overseer  
  125  17:43  Extractor  
  124  17:45  Extractor  
  124  17:46  Extractor  
  124  17:47  Extractor  
  109  18:22  Corruptor  
  109  18:23  Corruptor x9  
  103  18:56  Corruptor  
  103  18:57  Corruptor x5  
  85  19:28  Drone x5  
  83  20:57  Corruptor x6  
  83  20:58  Corruptor x2  
  97  22:13  Spore Crawler  
  141  22:42  Spine Crawler x2  
Show
View Real Time Build Order
Export as new Build Order

Rodrigo Zerg 

Build Orders: Hatch First 

Get SALT Encoding   

  12  0:04  Drone  
  13  0:43  Drone, Overlord  
  14  0:56  Hatchery  
  13  0:57  Drone  
  14  1:09  Drone x2, Extractor  
  16  1:18  Drone  
  17  1:27  Drone  
  18  1:33  Extractor  
  17  1:42  Drone  
  17  1:44  Spawning Pool  
  17  2:02  Drone x2  
  17  2:07  Hatchery  
  18  2:18  Drone  
  18  2:19  Drone x2  
  21  2:26  Overlord  
  21  2:36  Drone x2  
  23  2:40  Queen  
  23  2:43  Metabolic Boost  
  25  2:46  Drone  
  25  2:50  Drone  
  27  2:51  Drone  
  28  3:05  Drone x2, Overlord  
  30  3:13  Lair  
  30  3:16  Drone  
  31  3:20  Queen  
  33  3:32  Drone x4  
  37  3:34  Drone  
  37  3:39  Queen  
  40  3:43  Overlord  
  40  3:52  Extractor  
  40  3:54  Extractor  
  38  3:57  Drone x3  
  38  3:58  Drone  
  42  4:23  Extractor  
  41  4:25  Drone x3  
  41  4:27  Extractor  
  43  4:37  Spire  
  42  4:45  Spore Crawler  
  41  4:48  Spore Crawler  
  40  4:53  Drone  
  40  4:54  Drone x4, Overlord x2  
  45  5:03  Spore Crawler  
  44  5:08  Overlord  
  44  5:09  Drone x4  
  44  5:10  Drone  
  44  5:13  Drone x4  
  53  5:14  Overlord  
  53  5:21  Extractor  
  53  5:25  Drone x3  
  55  5:49  Mutalisk x4  
  55  5:50  Mutalisk x5  
  55  5:53  Mutalisk  
  55  5:55  Overlord  
  75  6:08  Spore Crawler, Drone x2  
  75  6:09  Drone x3  
  79  6:19  Mutalisk x3  
  79  6:20  Mutalisk  
  87  6:32  Mutalisk x2  
  91  6:34  Overlord  
  83  6:53  Drone x2  
  83  6:54  Drone x2  
  87  6:58  Zerg Flyer Weapons Level 1  
  87  7:14  Drone x3  
  90  7:18  Drone  
  91  7:31  Spore Crawler x2  
  91  7:32  Mutalisk x7  
  103  7:55  Mutalisk  
  95  8:46  Mutalisk x3  
  95  8:47  Mutalisk x2  
  105  8:48  Overlord x3  
  105  8:49  Overlord x2  
  105  8:53  Drone  
  106  9:02  Infestation Pit  
  105  9:18  Zerg Flyer Armor Level 1  
  105  9:37  Spire  
  104  9:40  Mutalisk x3  
  104  9:41  Mutalisk x6  
  120  10:16  Hive  
  120  10:24  Overlord  
  120  10:25  Drone x5, Overlord x2, Hydralisk Den  
  124  10:49  Mutalisk x5  
  112  10:50  Hatchery  
  115  11:06  Zerg Flyer Weapons Level 2  
  115  11:09  Drone x4  
  115  11:10  Drone x3  
  122  11:16  Muscular Augments  
  122  11:26  Overlord x2, Swarm Host  
  125  11:47  Drone x5, Overlord x2  
  130  11:54  Extractor  
  129  12:03  Extractor  
  128  12:18  Nydus Network  
  128  12:19  Greater Spire  
  127  12:27  Grooved Spines  
  127  12:29  Drone x5  
  132  12:35  Spore Crawler  
  132  12:36  Spore Crawler  
  130  12:46  Hydralisk x5  
  130  12:47  Hydralisk x5  
  130  12:50  Queen  
  149  13:03  Spine Crawler  
  148  13:06  Spine Crawler  
  141  13:39  Corruptor x2  
  141  13:40  Corruptor x9  
  141  13:41  Corruptor x5  
  155  13:42  Hydralisk x2  
  155  13:43  Hydralisk x3  
  175  13:50  Evolution Chamber  
  175  13:52  Evolution Chamber  
  173  14:03  Zerg Flyer Armor Level 2  
  173  14:09  Hydralisk x5  
  167  14:41  Spore Crawler  
  167  14:42  Spore Crawler  
  167  14:43  Corruptor x5  
  167  14:44  Corruptor x6  
  133  15:01  Hydralisk x4  
  133  15:02  Hydralisk x4  
  99  15:30  Hydralisk x6  
  99  15:31  Hydralisk x2  
  111  15:41  Spore Crawler  
  106  15:43  Spore Crawler x2  
  106  15:47  Hydralisk x4  
  110  16:07  Hydralisk x6  
  110  16:08  Hydralisk x2  
  80  16:36  Hydralisk x3  
  80  16:37  Hydralisk x6  
  92  16:56  Spore Crawler  
  92  16:58  Spore Crawler x2  
  89  17:13  Hydralisk x3  
  89  17:14  Hydralisk  
  97  17:28  Hatchery  
  97  17:29  Hydralisk x4  
  104  17:51  Nydus Canal  
  104  17:55  Drone x2  
  106  18:11  Nydus Canal  
  106  18:31  Overlord  
  52  19:12  Hydralisk x5  
  52  19:13  Hydralisk x10  
  52  19:14  Hydralisk x3  
  87  19:49  Lurker Den  
  87  19:51  Hydralisk x2  
  87  19:52  Hydralisk x4  
  62  20:19  Spine Crawler  
  62  20:20  Spine Crawler x2  
  47  21:09  Hatchery  
Show
View Real Time Build Order
Export as new Build Order

LOUNETCO Protoss 

Build Orders:  

Get SALT Encoding   

  12  0:01  Probe (Chrono Boost)  
  13  0:13  Probe (Chrono Boost)  
  14  0:19  Pylon  
  14  0:23  Probe (Chrono Boost)  
  15  0:37  Probe  
  15  0:38  Gateway  
  16  0:47  Assimilator  
  17  0:50  Probe  
  17  1:01  Assimilator  
  17  1:08  Probe (Chrono Boost)  
  18  1:20  Probe (Chrono Boost)  
  19  1:27  Probe (Chrono Boost)  
  19  1:29  Cybernetics Core  
  19  1:31  Pylon  
  20  1:35  Probe  
  21  1:47  Probe  
  22  2:04  Nexus  
  22  2:08  Probe (Chrono Boost)  
  23  2:19  Probe (Chrono Boost)  
  24  2:37  Stargate  
  24  2:39  Stargate  
  24  2:43  Forge  
  24  2:44  Probe  
  25  2:56  Probe  
  26  3:09  Probe (Chrono Boost)  
  27  3:17  Probe (Chrono Boost)  
  28  3:22  Assimilator  
  28  3:26  Probe (Chrono Boost)  
  30  3:27  Assimilator  
  30  3:28  Probe (Chrono Boost)  
  30  3:32  Probe (Chrono Boost)  
  30  3:33  Probe (Chrono Boost)  
  32  3:45  Probe  
  33  3:49  Fleet Beacon  
  33  3:57  Probe x2  
  35  4:09  Probe  
  36  4:14  Probe (Chrono Boost)  
  37  4:22  Probe (Chrono Boost)  
  38  4:26  Probe (Chrono Boost)  
  38  4:30  Phoenix x2  
  40  4:32  Probe (Chrono Boost)  
  40  4:33  Probe (Chrono Boost)  
  40  4:36  Probe (Chrono Boost)  
  37  4:40  Probe  
  31  4:52  Probe  
  28  5:05  Probe (Chrono Boost)  
  30  5:08  Probe (Chrono Boost)  
  30  5:16  Probe (Chrono Boost)  
  30  5:19  Probe (Chrono Boost)  
  30  5:21  Probe (Chrono Boost)  
  33  5:28  Probe  
  33  5:32  Probe  
  35  5:40  Probe  
  36  5:53  Probe  
  36  5:54  Probe  
  36  5:57  Protoss Air Weapons Level 1 (Chrono Boost)  
  38  6:05  Probe  
  38  6:06  Probe  
  40  6:17  Probe  
  40  6:18  Probe  
  42  6:29  Probe  
  42  6:30  Probe  
  44  6:41  Probe  
  44  6:42  Probe  
  46  7:03  Pylon  
  46  7:04  Pylon  
  46  7:05  Pylon  
  46  7:12  Stargate  
  46  7:21  Carrier  
  46  7:22  Carrier  
  52  7:29  Nexus  
  58  7:34  Protoss Shields Level 1  
  58  7:37  Graviton Catapult (Chrono Boost)  
  58  7:43  Mothership  
  66  7:50  Assimilator  
  66  8:16  Stargate  
  66  8:21  Pylon, Cybernetics Core  
  66  8:26  Pylon  
  66  8:27  Pylon  
  66  8:39  Carrier  
  72  8:46  Protoss Air Weapons Level 2 (Chrono Boost), Nexus  
  72  8:47  Carrier  
  72  8:48  Carrier  
  84  8:58  Assimilator  
  84  9:04  Pylon  
  83  9:27  Stargate  
  83  9:47  Carrier  
  89  10:05  Pylon  
  89  10:07  Pylon  
  89  10:10  Pylon  
  89  10:12  Pylon  
  89  10:14  Protoss Air Armor Level 1 (Chrono Boost)  
  89  10:22  Carrier x2  
  101  10:50  Carrier  
  101  10:51  Carrier  
  113  11:11  Protoss Air Weapons Level 3 (Chrono Boost)  
  113  11:13  Carrier  
  119  11:32  Nexus  
  119  11:35  Assimilator  
  119  11:39  Assimilator  
  119  11:48  Carrier  
  119  11:52  Pylon  
  125  11:57  Pylon  
  125  12:01  Protoss Air Armor Level 2 (Chrono Boost)  
  125  12:10  Carrier  
  125  12:14  Pylon  
  131  12:16  Pylon  
  131  12:19  Pylon  
  131  13:20  Tempest x4  
  155  13:33  Twilight Council  
  155  13:36  Tempest  
  161  14:06  Void Ray  
  161  14:07  Void Ray x2  
  173  14:14  Void Ray  
  63  14:58  Tempest x2 (Chrono Boost)  
  63  14:59  Tempest (Chrono Boost)  
  78  15:08  Tempest (Chrono Boost)  
  78  15:09  Tempest (Chrono Boost)  
  66  15:34  Carrier (Chrono Boost)  
  68  15:44  Carrier (Chrono Boost)  
  74  16:14  Void Ray (Chrono Boost)  
  74  16:15  Void Ray x2 (Chrono Boost)  
  86  16:54  Void Ray x2 (Chrono Boost)  
  86  16:59  Protoss Air Armor Level 3  
  94  17:35  Void Ray x3  
  106  17:40  Void Ray  
  106  17:41  Void Ray, Nexus  
  106  17:43  Assimilator  
  114  17:47  Assimilator  
  113  18:27  Void Ray x2  
  121  19:05  Void Ray x2  
  86  20:07  Void Ray x2  
Show
View Real Time Build Order
Export as new Build Order

Birus Zerg 

Build Orders: Hatch First, Lurkers 

Get SALT Encoding   

  12  0:04  Drone  
  13  0:13  Overlord  
  13  0:18  Drone  
  14  0:32  Drone  
  14  0:33  Drone  
  16  0:37  Drone  
  17  0:48  Drone  
  18  1:00  Hatchery  
  17  1:04  Drone  
  17  1:08  Extractor  
  17  1:10  Drone  
  18  1:22  Spawning Pool  
  18  1:24  Drone  
  18  1:47  Hatchery  
  18  1:53  Drone  
  19  1:54  Drone  
  19  2:01  Overlord  
  19  2:08  Metabolic Boost  
  19  2:14  Zergling x2  
  20  2:16  Zergling x2  
  20  2:20  Zergling x2  
  22  2:26  Zergling x2  
  22  2:27  Zergling x2  
  24  2:35  Zergling x2  
  25  2:38  Zergling x2  
  26  2:45  Zergling x2  
  26  2:48  Zergling x2  
  28  2:53  Lair  
  28  2:57  Drone  
  29  3:01  Drone x2  
  31  3:08  Zergling x2  
  31  3:10  Zergling x2  
  33  3:13  Zergling x2  
  34  3:27  Zergling x2  
  34  3:28  Zergling x2  
  36  3:45  Zergling x12  
  38  4:25  Drone x3  
  31  4:45  Drone  
  28  4:46  Drone x7  
  28  4:52  Spore Crawler  
  32  4:55  Extractor  
  32  4:56  Spore Crawler x2  
  32  4:59  Queen x2  
  29  5:00  Spore Crawler, Queen  
  34  5:08  Roach Warren  
  34  5:09  Hydralisk Den  
  34  5:13  Drone  
  34  5:14  Drone x4  
  37  5:32  Drone x5  
  42  5:37  Overlord  
  42  5:54  Glial Reconstitution  
  42  5:57  Grooved Spines  
  42  6:00  Drone x4  
  42  6:01  Drone x3  
  49  6:05  Extractor  
  49  6:07  Extractor  
  49  6:09  Extractor x2  
  45  6:12  Roach x2  
  49  6:20  Overlord x3  
  49  6:40  Roach x2  
  49  6:41  Roach x5  
  49  6:42  Roach x2  
  67  6:57  Drone x2  
  67  6:58  Drone x5  
  74  7:06  Lurker Den  
  73  7:20  Evolution Chamber  
  73  7:21  Evolution Chamber  
  71  7:23  Drone x3  
  71  7:27  Overlord x2  
  71  7:28  Overlord x2  
  74  7:51  Drone  
  74  7:52  Drone x2  
  74  7:56  Hatchery  
  74  7:57  Drone x3  
  79  8:00  Drone x3  
  72  8:55  Zerg Missile Weapons Level 1  
  72  8:56  Zerg Ground Armor Level 1  
  72  8:59  Drone x3  
  72  9:00  Drone x2  
  77  9:12  Hatchery  
  76  9:39  Hydralisk  
  76  9:40  Hydralisk x14  
  76  9:45  Overlord x5  
  106  10:00  Hatchery  
  106  10:02  Muscular Augments  
  105  10:08  Infestation Pit  
  104  10:18  Hydralisk  
  104  10:19  Hydralisk x11  
  128  10:28  Overseer  
  128  10:29  Overseer x3  
  128  10:31  Spore Crawler  
  93  10:53  Hydralisk x2  
  93  10:54  Hydralisk x10  
  117  11:03  Zerg Ground Armor Level 2, Zerg Missile Weapons Level 2  
  117  11:15  Queen  
  117  11:16  Lurker  
  117  11:17  Lurker x5  
  117  11:18  Lurker  
  126  11:34  Hydralisk x5  
  126  11:35  Hydralisk  
  138  12:08  Hydralisk x7  
  140  12:12  Overlord x4  
  140  12:14  Overlord  
  152  12:18  Overlord  
  152  12:21  Overlord  
  152  12:24  Extractor  
  152  12:25  Overlord  
  152  12:28  Extractor  
  150  12:56  Hydralisk x3  
  150  12:57  Hydralisk x7  
  170  13:04  Hive  
  170  13:16  Drone x3  
  170  13:19  Drone x2  
  175  13:20  Drone  
  175  13:24  Drone x3  
  175  13:25  Drone x3  
  182  13:44  Overlord  
  182  13:46  Overlord  
  182  13:50  Overlord  
  137  14:41  Hydralisk  
  137  14:42  Hydralisk x11  
  149  14:58  Hydralisk x4  
  129  15:08  Hydralisk x4  
  105  15:39  Hydralisk x5  
  105  15:40  Hydralisk x4  
  107  15:50  Hydralisk  
  107  16:01  Hydralisk  
  107  16:02  Hydralisk x3  
  85  16:49  Hydralisk x12  
  85  16:50  Hydralisk x4  
  111  17:02  Hatchery  
  110  17:12  Hydralisk  
  110  17:13  Hydralisk x5  
  122  17:25  Nydus Network  
  121  17:30  Hydralisk  
  121  17:31  Hydralisk x12  
  121  17:35  Extractor  
  146  17:42  Zerg Missile Weapons Level 3  
  146  17:53  Hydralisk  
  146  17:54  Hydralisk x3  
  154  18:24  Nydus Canal  
  154  18:32  Queen  
  156  18:35  Zerg Ground Armor Level 3  
  73  19:49  Hydralisk  
  73  19:50  Hydralisk x11  
  73  19:51  Hydralisk x3  
  95  20:21  Hydralisk  
  95  20:22  Hydralisk x5  
  107  20:57  Lurker x4  
  107  20:58  Lurker x2  
  113  21:05  Hatchery  
  113  21:07  Nydus Canal  
Show
View Real Time Build Order
Export as new Build Order

xJACx Terran 

Build Orders:  

Get SALT Encoding   

  12  0:01  SCV  
  13  0:13  SCV  
  14  0:25  SCV  
  15  0:30  Supply Depot  
  15  0:38  Refinery  
  15  0:58  Barracks  
  15  1:08  Barracks  
  15  1:16  Supply Depot  
  15  1:22  SCV  
  16  1:32  Refinery  
  16  1:56  Factory  
  16  2:03  Marine x2  
  18  2:21  Marine x2  
  20  2:38  Marine  
  20  2:39  Marine  
  20  2:42  Factory Reactor  
  22  2:52  Factory  
  22  2:56  Marine x2  
  24  3:07  Supply Depot  
  24  3:10  SCV  
  25  3:14  Marine x2  
  27  3:32  Marine  
  28  4:02  Factory Reactor  
  28  4:08  Factory Tech Lab  
  28  4:13  Starport  
  28  4:16  Barracks Reactor  
  28  4:18  Barracks Tech Lab  
  28  4:21  SCV  
  29  4:33  SCV  
  30  4:45  SCV  
  31  5:06  SCV  
  32  5:18  SCV  
  32  5:20  Starport Reactor  
  33  5:21  Command Center  
  33  5:24  Refinery  
  33  5:25  Refinery  
  33  5:30  SCV  
  34  5:45  Siege Tank  
  37  6:03  SCV  
  27  6:14  Marine x2  
  27  6:15  SCV  
  27  6:27  SCV  
  27  6:32  Marine  
  29  6:39  Siege Tank, SCV  
  30  6:41  Widow Mine x2  
  34  6:47  Marine  
  34  6:50  Marine  
  36  7:11  Liberator x2  
  36  7:26  Siege Tank  
  45  7:35  SCV  
  46  7:47  Engineering Bay  
  46  8:12  Orbital Command  
  46  8:17  Widow Mine, Orbital Command  
  43  8:39  Liberator  
  39  8:53  Widow Mine  
  44  9:06  SCV  
  44  9:08  Liberator  
  45  9:18  SCV  
  46  10:56  Siege Tank  
  46  11:51  Sensor Tower  
  46  12:38  Missile Turret  
  46  12:41  Missile Turret x2  
  46  12:42  Missile Turret  
  46  12:57  Missile Turret  
  46  12:59  Missile Turret x2  
  46  13:00  Hi-Sec Auto Tracking  
  46  13:17  Missile Turret  
  46  13:19  Missile Turret  
  46  13:21  Supply Depot  
  46  13:25  Supply Depot  
  46  13:26  Liberator  
  46  13:29  Liberator  
  46  13:43  Siege Tank, SCV x2  
  46  13:44  Supply Depot  
  46  13:46  Marine x2  
  46  13:47  Widow Mine  
  61  13:55  SCV  
  62  13:57  Building Armor  
  62  14:04  Marine x2, SCV  
  62  14:06  Widow Mine  
  62  14:07  SCV  
  62  14:08  Widow Mine  
  67  14:16  SCV  
  68  14:19  SCV  
  68  14:22  Marine  
  70  15:06  Marine x2  
  70  15:07  SCV  
  67  15:19  SCV  
  68  15:24  Marine  
  62  15:49  Widow Mine  
  60  15:50  Widow Mine  
  56  16:00  Viking x2  
  53  16:11  Widow Mine x2  
  54  16:20  Starport  
  54  16:30  Viking x2  
  54  16:32  Starport, Widow Mine x2  
  62  16:34  Starport  
  62  16:39  Starport  
  62  16:54  Widow Mine x2  
  66  17:00  Viking x2  
  70  18:10  Viking  
  69  18:28  Starport Reactor x4  
  69  19:01  Supply Depot  
  69  19:04  Supply Depot  
  69  19:06  Supply Depot  
  69  19:07  Supply Depot  
  69  19:22  Widow Mine, Viking  
  69  19:23  Widow Mine, Viking x4  
  77  19:25  Viking  
  69  19:43  Widow Mine  
  69  19:44  Widow Mine  
  51  20:05  Widow Mine, Viking  
  51  20:06  Widow Mine, Viking x3  
  53  20:26  Cyclone  
Tags
 
Add a new tag
Caveats
  • Supply blocks, unpowered buildings, or Contaminate may cause inaccurate times.
  • Supply counts are checked every 10 seconds.